 Dungeon Crawl Stone Soup version 0.21-a0-578-gc6e9d75 (webtiles) character file.

5759 SpeedyPerson7 the Cleaver (level 10, -5/96 HPs)
             Began as a Minotaur Berserker on Dec 18, 2017.
             Was an Elder of Trog.
             Killed from afar by a gargoyle (18 damage)
             ... with a stone arrow
             ... on level 10 of the Dungeon.
             The game lasted 00:06:27 (6664 turns).

SpeedyPerson7 the Cleaver (Minotaur Berserker)      Turns: 6664, Time: 00:06:28

Health: -5/96      AC: 12    Str: 24    XL:     10   Next: 49%
Magic:  9/9        EV:  7    Int:  4    God:    Trog [****..]
Gold:   497        SH:  0    Dex: 11    Spells: 9/9 levels left

rFire    . . .     SeeInvis .   d - +0 battleaxe
rCold    . . .     Gourm    .   (shield currently unavailable)
rNeg     . . .     Faith    .   k - +0 plate armour
rPois    .         Spirit   .   (helmet restricted)
rElec    .         Reflect  .   G - +1 cloak
rCorr    +         Harm     .   (no gloves)
MR       .....                  (no boots)
Stlth    ..........             (no amulet)
HPRegen  0.26/turn              (no ring)
MPRegen  0.11/turn              B - ring of resist corrosion

@: about to teleport, berserk cooldown, slowed, drained, very slow
A: retaliatory headbutt, horns 2
a: Berserk, Trog's Hand, Brothers in Arms, Burn Spellbooks, Renounce Religion


You were on level 10 of the Dungeon.
You worshipped Trog.
Trog was greatly pleased with you.
You were near starving.

You visited 1 branch of the dungeon, and saw 10 of its levels.

You collected 497 gold pieces.

Inventory:

Hand Weapons
 a - a +0 hand axe
 d - a +0 battleaxe (weapon)
 q - a +2 hand axe of freezing
Armour
 k - a +0 plate armour (worn)
 G - a +1 cloak (worn)
Jewellery
 y - an uncursed ring of flight
 B - a ring of resist corrosion (right hand)
Wands
 C - a wand of enslavement (19)
 E - a wand of acid (9)
 I - a wand of flame (20)
Scrolls
 e - a scroll of enchant weapon {unknown}
 g - a scroll of amnesia {unknown}
 i - 2 scrolls of identify
 o - a scroll of fear {unknown}
 p - 2 scrolls of immolation
 r - 2 scrolls of remove curse
 t - a scroll of teleportation
 v - a scroll of enchant armour {unknown}
 w - a scroll of fog {unknown}
 x - a scroll of blinking
 D - a scroll of random uselessness {unknown}
 F - a scroll of magic mapping {unknown}
Potions
 f - 2 potions of haste
 h - 4 potions of lignification {!q}
 j - 2 potions of flight
 l - 2 potions of brilliance
 m - a potion of magic {unknown}
 n - a potion of heal wounds {unknown}
 s - 2 potions of mutation {!q}
 u - a potion of cancellation {unknown}
 z - a potion of might {unknown}
 A - a potion of curing {unknown}
 H - a potion of agility {unknown}
Comestibles
 c - 11 rations


   Skills:
 + Level 11.3(10.5) Fighting
 * Level 14.9(14.1) Axes
 - Level 2.4(1.7) Armour
 - Level 2.1(1.5) Dodging


You had 9 spell levels left.
You didn't know any spells.

Dungeon Overview and Level Annotations

Branches:
Dungeon (10/15)            Temple (0/1) D:5            Lair (0/6) D:8
    Orc: D:9-12

Altars:
Ashenzari
Gozag
Nemelex Xobeh
Wu Jian
The Shining One

Shops:
D:4 (   D:7 (

Annotations:
D:7 exclusion: oklob plant


Innate Abilities, Weirdness & Mutations

You reflexively headbutt those who attack you in melee.
You have a pair of horns on your head.


Message History

A bullfrog zombie comes into view.
A bullfrog zombie is nearby!
A bullfrog zombie is nearby!
A bullfrog zombie is nearby!
A gargoyle comes into view. It is wielding a morningstar.
The bullfrog zombie hits you but does no damage.
You hit the bullfrog zombie. You headbutt the bullfrog zombie!
The bullfrog zombie is moderately damaged.
The bullfrog zombie hits you but does no damage.
The bullfrog zombie barely misses you. The bullfrog zombie closely misses you.
The gargoyle hurls a stone arrow at you.
The stone arrow hits you!
* * * LOW HITPOINT WARNING * * *
The bullfrog zombie hits you but does no damage.
As you read the scroll of teleportation, it crumbles to dust.
You feel strangely unstable.
The gargoyle hurls a stone arrow at you.
The stone arrow hits you!
You die...

....#####...............
... ######.......... ..
#....#.......... .
#....#..........
##........9..#...
#...###.......... #
#...# #.....#....
#.#≈≈#.#...###.....#....
#.≈≈≈≈.......@Z######...
..≈≈≈≈≈##...(..###......
≈≈≈≈≈≈≈≈###.()..........
≈≈≈≈≈≈≈≈≈##.............
≈≈≈≈≈≈≈≈≈##.(.........#.
≈≈≈≈≈≈≈≈)....)........#
≈≈≈≈≈≈≈≈≈.).).........#
≈≈≈≈≈≈≈≈≈.)...........#
.≈≈≈≈≈≈≈###.............


You could see a gargoyle and a bullfrog zombie.

Vanquished Creatures
  A centaur warrior (D:10)
  Pikel (D:7)
  Joseph (D:8)
  Maurice (D:8)
  Prince Ribbit (D:6)
  A hippogriff (D:7)
  Menkaure (D:7)
  The ghost of Lanoc the Skirmisher, an amateur OgGl (D:3)
  2 slaves (D:7)
  3 phantoms
  2 orc warriors
  3 ice beasts
  3 sky beasts
  An ogre (D:7)
  3 centaurs
  A big kobold (D:8)
  5 bullfrogs
  A wyvern zombie (D:10)
  A wyvern skeleton (D:9)
  5 wights (D:10)
  An electric eel (D:10)
  A bullfrog zombie (D:9)
  A crimson imp (D:5)
  A centaur zombie (D:10)
  A quasit (D:10)
  A gnoll shaman (D:6)
  7 orc priests
  3 bullfrog skeletons
  4 hounds
  5 jellies
  2 iguanas
  10 orc wizards
  6 worker ants
  A hound zombie (D:5)
  4 gnolls (D:6)
  A howler monkey skeleton (D:7)
  5 adders
  2 shadow imps
  An adder zombie (D:5)
  2 adder skeletons
  5 worms
  2 dart slugs (D:4)
  2 leopard geckos
  22 orcs
  5 bats
  4 giant cockroaches
  7 goblins
  5 hobgoblins
  4 jackals
  4 quokkas
  A ball python (D:3)
  2 frilled lizards
  7 kobolds
  A leopard gecko skeleton (D:6)
  A quokka skeleton (D:9)
  4 rats
173 creatures vanquished.

Notes
Turn   | Place    | Note
-------+----------+-------------------------------------------
     0 | D:1      | SpeedyPerson7 the Minotaur Berserker began the quest for the Orb.
     0 | D:1      | Reached XP level 1. HP: 19/19 MP: 0/0
    35 | D:1      | Reached skill level 4 in Axes
    83 | D:1      | Reached XP level 2. HP: 20/27 MP: 1/1
   354 | D:2      | Reached XP level 3. HP: 23/33 MP: 2/2
   504 | D:2      | Reached ** piety under Trog
   528 | D:2      | Reached skill level 5 in Axes
   608 | D:2      | Found a shattered altar of Ashenzari.
  1236 | D:3      | Reached XP level 4. HP: 37/41 MP: 3/3
  1598 | D:3      | Noticed Lanoc's ghost (amateur OgGl)
  1607 | D:3      | Killed Lanoc's ghost
  1607 | D:3      | Reached skill level 5 in Fighting
  1607 | D:3      | Reached skill level 6 in Axes
  1607 | D:3      | Reached XP level 5. HP: 48/48 MP: 4/4
  1862 | D:4      | Reached skill level 7 in Axes
  1862 | D:4      | Reached XP level 6. HP: 39/56 MP: 5/5
  2002 | D:4      | Found Koca Von's Weapon Boutique.
  2334 | D:5      | Entered Level 5 of the Dungeon
  2490 | D:5      | Found a staircase to the Ecumenical Temple.
  2495 | D:5      | Reached skill level 8 in Axes
  3079 | D:5      | Reached XP level 7. HP: 63/63 MP: 6/6
  3211 | D:6      | Reached *** piety under Trog
  3322 | D:6      | Found a glowing golden altar of the Shining One.
  3322 | D:6      | Noticed Prince Ribbit
  3331 | D:6      | Killed Prince Ribbit
  3331 | D:6      | Reached skill level 9 in Axes
  3661 | D:6      | Reached XP level 8. HP: 66/73 MP: 7/7
  3700 | D:6      | Reached skill level 10 in Axes
  4041 | D:6      | Found an opulent altar of Gozag.
  4073 | D:7      | Noticed Menkaure
  4083 | D:7      | Killed Menkaure
  4286 | D:7      | Found a sparkling altar of Nemelex Xobeh.
  4287 | D:7      | Noticed an oklob plant
  4299 | D:7      | Reached **** piety under Trog
  4299 | D:7      | Reached skill level 11 in Axes
  4514 | D:7      | Found Imider's Weapon Shoppe.
  4626 | D:7      | Noticed Pikel
  4638 | D:7      | Killed Pikel
  4638 | D:7      | Reached skill level 12 in Axes
  4638 | D:7      | Reached XP level 9. HP: 83/83 MP: 8/8
  4693 | D:7      | Received a gift from Trog
  5036 | D:8      | Found a staircase to the Lair.
  5041 | D:8      | Noticed Maurice
  5046 | D:8      | Killed Maurice
  5046 | D:8      | Reached skill level 13 in Axes
  5324 | D:8      | Reached skill level 10 in Fighting
  5553 | D:8      | Noticed Joseph
  5565 | D:8      | Killed Joseph
  5838 | D:9      | Reached XP level 10. HP: 94/94 MP: 9/9
  5881 | D:9      | Reached skill level 14 in Axes
  6286 | D:9      | Found an ornate altar of the Wu Jian Council.
  6492 | D:10     | Entered Level 10 of the Dungeon
  6557 | D:10     | Noticed a centaur warrior
  6565 | D:10     | Killed a centaur warrior
  6660 | D:10     | Noticed a gargoyle
  6664 | D:10     | Killed from afar by a gargoyle

Vault maps used:
D:1:      dpeg_arrival_subterranean_lakeside_camping, minmay_tetromino_s2
D:2:      lemuel_crystal_altar, minmay_misc_feat_four_crosses,
          nicolae_qazlal_eye_of_the_storm
D:3:      st_stairs_4
D:4:      first_ration, serial_shops, shop, minmay_goblin_kobold_house
D:5:      temple_statues, serial_shops, nicolae_shop_behind_doors,
          kennysheep_nub, serial_bayou_ford_a
D:6:      tso_altar, overflow_temple_1_default, basic_altar, uniq_prince_ribbit1
D:7:      kennysheep_mini, serial_shops, nicolae_shop_crystal,
          lemuel_oklob_altar, uniq_menkaure, uniq_pikel
D:8:      dpeg_oklobed_lair, uniq_joseph, uniq_maurice
D:9:      basic_altar
D:10:     uniq_fannar, uniq_grum

Skill      XL: |  1  2  3  4  5  6  7  8  9 10 |
---------------+-------------------------------+-----
Axes           | 4 5 6 7 8 9 12 13 14 | 14.9
Fighting       | 4 5 6 7 9 10 11 | 11.3
Armour         | |  2.4
Dodging        | |  2.1

Action                   |  1- 3 |  4- 6 |  7- 9 | 10-12 || total
-------------------------+-------+-------+-------+-------++-------
Melee: Hand axe          |    89 |    89 |   203 |       ||   381
       Headbutt          |    19 |    13 |    47 |    10 ||    89
       Battleaxe         |       |       |    20 |    60 ||    80
Invok: Berserk           |     1 |     2 |     4 |     1 ||     8
       Burn Spellbooks   |       |     1 |     2 |       ||     3
       Trog's Hand       |       |       |     1 |       ||     1
  Use: Scroll            |       |       |     9 |     1 ||    10
  Eat: Chunk             |     2 |     4 |    13 |     2 ||    21
       Ration            |       |     1 |       |       ||     1
Armor: Animal skin       |    13 |       |       |       ||    13
       Ring mail         |     5 |    24 |    43 |       ||    72
       Plate armour      |       |       |    13 |    39 ||    52
       Chain mail        |       |       |     1 |       ||     1
Dodge: Dodged            |    47 |    41 |    79 |    25 ||   192

Table legend:
 A = Spawn XP
 B = Non-spawn XP
 C = Spawn XP percentage of total XP
 D = Spawn monster count
 E = Non-spawn monster count
 F = Spawn count percentage of total count
 G = Total turns spent on level
                    A         B        C        D         E        F      G
               +---------+---------+-------+---------+---------+-------+---------
         Total |       0 |    8228 |   0.0 |       0 |     171 |   0.0 |  6664
               +---------+---------+-------+---------+---------+-------+---------
           D:1 |       0 |      18 |   0.0 |       0 |      10 |   0.0 |   270
           D:2 |       0 |      55 |   0.0 |       0 |      22 |   0.0 |   580
           D:3 |       0 |     240 |   0.0 |       0 |      19 |   0.0 |   777
           D:4 |       0 |     214 |   0.0 |       0 |       7 |   0.0 |   707
           D:5 |       0 |     207 |   0.0 |       0 |       9 |   0.0 |   828
           D:6 |       0 |    1072 |   0.0 |       0 |      29 |   0.0 |   884
           D:7 |       0 |    1811 |   0.0 |       0 |      21 |   0.0 |   964
           D:8 |       0 |    1876 |   0.0 |       0 |      25 |   0.0 |   790
           D:9 |       0 |     994 |   0.0 |       0 |      16 |   0.0 |   692
          D:10 |       0 |    1741 |   0.0 |       0 |      13 |   0.0 |   172
               +---------+---------+-------+---------+---------+-------+---------
